 Dungeon Crawl Stone Soup version 0.29-a0-284-gf9362112df (webtiles) character file.

Game seed: 17580721669481139669

53 n8rtot the Ruffian (level 3, 0/35 HPs)
             Began as a Troll Gladiator on Mar 26, 2022.
             Slain by a gnoll
             ... wielding a +0 spear
              (3 damage)
             ... on level 2 of the Dungeon.
             The game lasted 00:02:37 (948 turns).

n8rtot the Ruffian (Troll Gladiator)                 Turns: 948, Time: 00:02:37

Health: 0/35       AC:  4    Str: 24    XL:     3   Next: 64%
Magic:  2/2        EV: 10    Int:  4    God:
Gold:   31         SH:  0    Dex: 11    Spells: 2/2 levels left

rFire   . . .      SeeInvis .   m - +1 hand axe (freeze)
rCold   . . .      Faith    .   (no shield)
rNeg    + . .      Spirit   .   f - +0 robe {rN+}
rPois   .          Reflect  .   b - +0 hat
rElec   .          Harm     .   (no cloak)
rCorr   .          Rampage  .   (gloves unavailable)
Will    .....                   (boots unavailable)
Stlth   +.........              (no amulet)
HPRegen 0.91/turn               (no ring)
MPRegen 0.08/turn               (no ring)

@: no status effects
A: large, unfitting armour, claws 3, regeneration 1, shaggy fur 1, tough skin 1
a: no special abilities


You were on level 2 of the Dungeon.
You visited 1 branch of the dungeon, and saw 2 of its levels.

You collected 31 gold pieces.

Inventory:

Hand Weapons
 m - a +1 hand axe of freezing (weapon)
Missiles
 c - 3 throwing nets (quivered)
 d - a large rock
 e - 89 stones
Armour
 a - a +0 robe
 b - a +0 hat (worn)
 f - a +0 robe of positive energy (worn)
Scrolls
 g - a scroll of silence {unknown}
 i - a scroll of torment {unknown}
 j - a scroll of enchant armour {unknown}
Potions
 h - a potion of attraction {unknown}
 k - a potion of flight {unknown}
 l - a potion of degeneration {unknown}


   Skills:
 + Level 1.7 Fighting
 + Level 2.0 Throwing
 + Level 2.9 Dodging
 + Level 0.4 Stealth
 + Level 3.7 Unarmed Combat


You had 2 spell levels left.
You didn't know any spells.
Your spell library was empty.

Dungeon Overview and Level Annotations

Branches:
Dungeon (2/15)

Altars:


Innate Abilities, Weirdness & Mutations

You are too large for most types of armour.
You have claws for hands.
Your natural rate of healing is unusually fast.
You are covered in fur. (AC +1)
You have tough skin. (AC +1)


Message History

You hit the gnoll but do no damage. The gnoll barely misses you.
The gnoll closely misses you.
You slash the gnoll! You freeze the gnoll.
The gnoll is severely wounded.
The gnoll misses you. The gnoll hits you with a +0 flail.
You hit the gnoll. You freeze the gnoll.
The gnoll is almost dead.
The gnoll hits you but does no damage. The gnoll barely misses you.
The gnoll hits you from afar with a +0 spear.
The gnoll closely misses you.
You barely miss the gnoll.
The gnoll is almost dead.
The gnoll hits you with a +0 flail. The gnoll hits you but does no damage.
You closely miss the gnoll.
The gnoll is almost dead.
The gnoll misses you. The gnoll closely misses you.
You hit the gnoll. You freeze the gnoll.
You kill the gnoll!
The gnoll closely misses you.
The gnoll hits you from afar with a +0 spear.
A gnoll comes into view. It is wielding a +0 whip.
The gnoll hits you with a +0 spear.
You see here a +0 flail.
You barely miss the gnoll. The gnoll hits you with a +0 spear.
You barely miss the gnoll. The gnoll barely misses you.
You barely miss the gnoll. You hit the gnoll. You freeze the gnoll.
The gnoll closely misses you. The gnoll hits you with a +0 spear.
The gnoll hits you with a +0 whip. The gnoll hits you with a +0 spear.
You hit the gnoll. You freeze the gnoll.
The gnoll is heavily wounded.
You closely miss the gnoll. The gnoll hits you with a +0 spear.
* * * LOW HITPOINT WARNING * * *
The gnoll hits you with a +0 whip!
* * * LOW HITPOINT WARNING * * *
You hit the gnoll. You freeze the gnoll.
The gnoll is almost dead.
You hit the gnoll. You freeze the gnoll.
You kill the gnoll!
The gnoll hits you with a +0 spear.
You die...

########## .... .........# #...
.........# #... .........# ...
.†......[# #.. ........^# #..
########## #.)###############
#.g@.............#
#############################.#
..................# #.#
#################.# #.# #.# #.#
#.# #.# #.###########.#
#.##........#.# #.##.######.#.#


You could see a gnoll.

Vanquished Creatures
  2 gnolls (D:2)
  An adder (D:2)
  4 ball pythons
  2 bats (D:1)
  4 endoplasms (D:1)
  A giant cockroach (D:1)
  4 goblins (D:1)
  A hobgoblin (D:1)
  4 jackals (D:2)
  4 kobolds (D:1)
  2 quokkas (D:1)
  3 frilled lizards (D:1)
  2 rats
34 creatures vanquished.

Notes
Turn   | Place    | Note
-------+----------+-------------------------------------------
     0 | D:1      | n8rtot the Troll Gladiator began the quest for the Orb.
     0 | D:1      | Reached XP level 1. HP: 19/19 MP: 0/0
   149 | D:1      | Reached XP level 2. HP: 27/27 MP: 1/1
   283 | D:1      | Found a faded altar of an unknown god.
   764 | D:2      | Reached XP level 3. HP: 35/35 MP: 2/2
   947 | D:2      | HP: 1/35 [gnoll/+0 whip (8)]
   948 | D:2      | Slain by a gnoll

Illustrated notes

Levels and vault maps discovered:
D:1:      lemuel_arrival_cross, layout_basic,
          chequers_ecumenical_altar_simple_redux, chequers_jeans
D:2:      layout_basic, serial_shops, shop_fountains

Skill      XL: |  1  2 |
---------------+-------+-----
Throwing       | 2 |  2.0
Fighting       | |  1.7
Dodging        | |  2.9
Stealth        | |  0.4
Unarmed Combat | |  3.7

Action                   || total
-------------------------++-------
Melee: Unarmed           ||    71
       Punch             ||     1
       Hand axe          ||    11
Armor: Robe              ||    37
Dodge: Dodged            ||    69

Table legend: (Time is in decaauts)
 A = Elapsed time spent in this place.
 B = Non-inter-level travel time spent in this place.
 C = Inter-level travel time spent in this place.
 D = Time resting spent in this place.
 E = Time spent auto-exploring this place.
 F = Levels seen in this place.
 G = Mean time per level.
                   A        B        C        D        E       F      G
               +--------+--------+--------+--------+--------+-----+--------+
         Total |    945 |    945 |      0 |      0 |    593 |   2 |  472.5 |
       Dungeon |    945 |    945 |      0 |      0 |    593 |   2 |  472.5 |
               +--------+--------+--------+--------+--------+-----+--------+

Top non-repeatable levels by time:
     D:1: 729 daAuts
     D:2: 216 daAuts
